 Dungeon Crawl Stone Soup version 0.30.1-11-g7821555f0a (webtiles) character file.

Game seed: 8795987243052656576

18 groovy9 the Covered (level 2, -2/27 HPs)
             Began as a Minotaur Fighter on Jan 11, 2024.
             Slain by a gnoll
             ... wielding a +0 spear
              (4 damage)
             ... on level 1 of the Dungeon.
             The game lasted 00:01:31 (147 turns).

groovy9 the Covered (Minotaur Fighter)               Turns: 147, Time: 00:01:31

Health: -2/27      AC:  7    Str: 20    XL:     2   Next: 51%
Magic:  1/1        EV:  9    Int:  5    God:
Gold:   7          SH:  0    Dex:  9    Spells: 1/1 levels left

rFire   . . .        g - +0 battleaxe
rCold   . . .        (shield currently unavailable)
rNeg    . . .        b - +0 scale mail
rPois   .            (helmet restricted)
rElec   .            (no cloak)
rCorr   .            (no gloves)
SInv    .            (no boots)
Will    .....        (no amulet) Stlth
                     (no ring)
HPRegen 0.24/turn    (no ring)
MPRegen 0.07/turn

%: no passive effects
@: mighty
A: horns 2, retaliatory headbutt
a: no special abilities


You were on level 1 of the Dungeon.
You visited 1 branch of the dungeon, and saw 1 of its levels.

You collected 7 gold pieces.

Inventory:

Hand Weapons
 a - a +0 war axe
 g - a +0 battleaxe (weapon)
Armour
 b - a +0 scale mail (worn)
Scrolls
 e - a scroll of teleportation {unknown}
Potions
 f - a potion of heal wounds {unknown}


   Skills:
 + Level 4.0 Fighting
 * Level 2.9 Axes
 + Level 4.1 Armour
 - Level 3.6 Shields


You had one spell level left.
You didn't know any spells.
Your spell library was empty.

Dungeon Overview and Level Annotations

Branches:
Dungeon (1/15)

Altars:


Innate Abilities, Weirdness & Mutations

You have a pair of horns on your head.
You reflexively headbutt those who attack you in melee.


Message History

You furiously retaliate!
You headbutt the ball python. The ball python constricts you.
The gnoll hits you with a +0 spear.
The hobgoblin hits you but does no damage.
The ball python closely misses you. The ball python constricts you.
You are too injured to fight recklessly!
You escape the ball python's grasp.
The hobgoblin closely misses you. The gnoll barely misses you.
You see here a +0 club.
You slash the hobgoblin!
You kill the hobgoblin!
The kobold hits you but does no damage. The gnoll hits you but does no damage.
You closely miss the kobold.
The gnoll hits you from afar with a +0 spear.
The kobold hits you but does no damage.
You are too injured to fight recklessly!
You are too injured to fight recklessly!
You are too injured to fight recklessly!
You are too injured to fight recklessly!
You closely miss the kobold. The gnoll hits you but does no damage.
The kobold hits you but does no damage. The kobold barely misses you.
You furiously retaliate!
You headbutt the kobold, but do no damage.
The gnoll hits you but does no damage.
You closely miss the kobold. The gnoll hits you but does no damage.
The kobold hits you with a +0 short sword.
The kobold barely misses you. You furiously retaliate!
You headbutt the kobold.
The gnoll hits you from afar with a +0 spear.
You barely miss the kobold. Your headbutt misses the kobold.
The kobold is moderately wounded.
The kobold hits you but does no damage.
The gnoll hits you from afar with a +0 spear.
* * * LOW HITPOINT WARNING * * *
You feel very mighty all of a sudden.
The kobold hits you with a +0 short sword.
* * * LOW HITPOINT WARNING * * *
The gnoll barely misses you.
You slash the kobold!
You kill the kobold!
The gnoll hits you from afar with a +0 spear.
You die...

#...... .
##.#>.....# ..
....)..... ...
........# ... ...
.......# ... #..
#.# #..# #.. #
#...#.####.### #..
.#
#..†)g##...####.#
#.# #
#..#.##)S@.#....#.#
#..#.# ... ...
####...##.#.##....#
. .^...
###.##........#
.......
#.###......##
.......
#...#....####
.......
###.........###
.......
##..†........
#......#....#
#.......###....


You could see a gnoll and a ball python.

Vanquished Creatures
  An endoplasm (D:1)
  A giant cockroach (D:1)
  4 goblins (D:1)
  3 hobgoblins (D:1)
  3 jackals (D:1)
  A kobold (D:1)
  2 ball pythons (D:1)
  A bat (D:1)
  A rat (D:1)
17 creatures vanquished.

Notes
Turn   | Place    | Note
-------+----------+-------------------------------------------
     0 | D:1      | groovy9 the Minotaur Fighter began the quest for the Orb.
     0 | D:1      | Reached XP level 1. HP: 19/19 MP: 0/0
    77 | D:1      | Reached XP level 2. HP: 27/27 MP: 1/1
   146 | D:1      | HP: 1/27 [kobold/+0 short sword (3)]
   147 | D:1      | Slain by a gnoll

Illustrated notes

Levels and vault maps discovered:
D:1:      reono_arrival_mine, layout_rooms

Skill      XL: |  1  2 |
---------------+-------+-----
Armour         | 4 |  4.1
Fighting       | 4 |  4.0
Axes           | |  2.9
Shields        | |  3.6

Action                     || total
---------------------------++-------
  Melee: War axe           ||     8
         Headbutt          ||     3
         Battleaxe         ||    20
    Use: Potion            ||     1
 Armour: Scale mail        ||    22
  Dodge: Dodged            ||    27
  Block: Buckler           ||     2
